 Dungeon Sprint DCSS version 0.26-a0-818-g75db068ed4 (webtiles) character file.

Game seed: 14465082333997247774

391 rocky1 the Frost Mage (level 6, -8/41 HPs)
             Began as a Merfolk Ice Elementalist on Nov 15, 2020.
             Was a High Priest of Sif Muna.
             Mangled by a flayed ghost (23 damage)
             ... in the Dungeon (Sprint VII: "The Pits").
             The game lasted 00:07:06 (730 turns).

rocky1 the Frost Mage (Merfolk Ice Elementalist)     Turns: 730, Time: 00:07:07

Health: -8/41      AC:  9    Str:  8    XL:     6   Next: 80%
Magic:  16/16      EV: 12    Int: 16    God:    Sif Muna [*****.]
Gold:   0          SH:  0    Dex: 15    Spells: 13/20 levels left

rFire    . . .     SeeInvis .   m - +1 trident (vorpal)
rCold    . . .     Faith    .   (no shield)
rNeg     . . .     Spirit   .   l - +0 leather armour
rPois    .         Reflect  .   (no helmet)
rElec    .         Harm     .   (no cloak)
rCorr    .         Rampage  .   (no gloves)
MR       .....     NoTele   +   (no boots)
Stlth    ++........             (no amulet)
HPRegen  0.13/turn              (no ring)
MPRegen  0.15/turn              (no ring)

@: icy armour
A: change form in water, swift swim, stealthy swim
a: Channel Magic, Forget Spell, Divine Exegesis, Renounce Religion


You were in the Dungeon.
You worshipped Sif Muna.
Sif Muna was extremely pleased with you.
You visited 1 branch

Inventory:

Hand Weapons
 m - a +1 vorpal trident (weapon)
Armour
 l - a +0 leather armour (worn)
Scrolls
 h - a scroll of blinking
 i - 3 scrolls of remove curse
 j - 5 scrolls of amnesia
 k - a scroll of summoning
Potions
 b - 2 potions of invisibility
 c - 5 potions of curing
 d - 2 potions of heal wounds
 e - a potion of haste
 f - 4 potions of magic
 g - 3 potions of berserk rage


   Skills:
 - Level 2.6 Dodging
 - Level 2.1 Stealth
 + Level 7.7 Spellcasting
 * Level 12.9 Ice Magic


You had 13 spell levels left.
You knew the following spells:

 Your Spells              Type           Power        Failure   Level
a - Freeze                Ice            ####         1%          1
b - Frozen Ramparts       Ice            #####.       1%          3
c - Ozocubu's Armour      Ice            #####...     1%          3

Your spell library contained the following spells:

 Spells                   Type           Power        Failure   Level
 Hailstorm                Conj/Ice       ####....     12%         4
 Summon Ice Beast         Ice/Summ       ####....     12%         4
 Sublimation of Blood     Necr           #.........   26%         2
 Ignite Poison            Fire/Tmut/Pois #.......     45%         3
 Petrify                  Tmut/Erth      #.......     86%         4
 Alistair's Intoxication  Tmut/Pois      #........    99%         5
 Irradiate                Conj/Tmut      #.........   99%         5
 Eringya's Noxious Bog    Tmut/Pois      #.........   100%        6


Dungeon Overview and Level Annotations

Branches:
Dungeon (1/1)

Altars:
Ashenzari
Cheibriados
Dithmenos
Elyvilon
Fedhas
Gozag
Hepliaklqana
Kikubaaqudgha
Makhleb
Nemelex Xobeh
Okawaru
Qazlal
Ru
Sif Muna
Trog
Uskayaw
Vehumet
Wu Jian
Xom
Yredelemnul
Zin
The Shining One
Beogh
Jiyva
Lugonu


Message History

The flayed ghost misses you.
You hit the flayed ghost.
The flayed ghost is heavily damaged.
The flayed ghost hits you.
* * * LOW HITPOINT WARNING * * *
The flayed ghost hits you!
* * * LOW HITPOINT WARNING * * *
You feel much better.
The flayed ghost cries, "Feel what I felt!"
You puncture the flayed ghost!
The flayed ghost is severely damaged.
The flayed ghost hits you but does no damage.
You puncture the flayed ghost!
The flayed ghost is almost destroyed.
The flayed ghost hits you!
You barely miss the flayed ghost.
The flayed ghost is almost destroyed.
The flayed ghost hits you!!
Ouch! That really hurt!
You die...

#)#........##.......#
#'###########.......#
#.......# #########
#.###...# #.#.....#
#.#...#.#+#
#.....#.#.+
#...###.#W#
#.......)@#
###########


You could see a flayed ghost.

Vanquished Creatures
  A fire bat (D)
  An ogre (D)
  2 orc wizards (D)
  A gnoll shaman (D)
  An adder (D)
  5 gnolls (D)
  A river rat (D)
  An ooze (D)
  2 leopard geckos (D)
  3 orcs (D)
  A ball python (D)
  A bat skeleton (D)
  2 jackals (D)
  3 bats (D)
  A rat (D)
26 creatures vanquished.

Notes
Turn   | Place    | Note
-------+----------+-------------------------------------------
     0 | D        | rocky1 the Merfolk Ice Elementalist began the quest for the
                  | Orb.
     0 | D        | Reached XP level 1. HP: 13/13 MP: 3/3
    21 | D        | Found a bloodstained altar of Trog.
    21 | D        | Found a shimmering blue altar of Sif Muna.
    21 | D        | Found a viscous altar of Jiyva.
    21 | D        | Found a hazy altar of Hepliaklqana.
    21 | D        | Found an opulent altar of Gozag.
    48 | D        | Found a glowing golden altar of the Shining One.
    48 | D        | Found a glowing silver altar of Zin.
    48 | D        | Found a basalt altar of Yredelemnul.
    48 | D        | Found a shimmering altar of Xom.
    48 | D        | Found an ornate altar of the Wu Jian Council.
    48 | D        | Found a sacrificial altar of Ru.
    48 | D        | Found a stormy altar of Qazlal.
    48 | D        | Found an iron altar of Okawaru.
    48 | D        | Found a sparkling altar of Nemelex Xobeh.
    48 | D        | Found a burning altar of Makhleb.
    48 | D        | Found a blossoming altar of Fedhas.
    48 | D        | Found a white marble altar of Elyvilon.
    48 | D        | Found a shadowy altar of Dithmenos.
    48 | D        | Found a snail-covered altar of Cheibriados.
    51 | D        | Found a corrupted altar of Lugonu.
    51 | D        | Found a radiant altar of Vehumet.
    51 | D        | Found a roughly hewn altar of Beogh.
    52 | D        | Found an ancient bone altar of Kikubaaqudgha.
    52 | D        | Found a hide-covered altar of Uskayaw.
    52 | D        | Found a broken altar of Ashenzari.
    53 | D        | Became a worshipper of Sif Muna the Loreminder
    69 | D        | Reached skill level 5 in Ice Magic
    69 | D        | Reached XP level 2. HP: 9/19 MP: 0/5
    72 | D        | Reached skill level 6 in Ice Magic
    76 | D        | Reached * piety under Sif Muna
   279 | D        | Reached XP level 3. HP: 15/24 MP: 0/7
   384 | D        | Learned a level 3 spell: Frozen Ramparts
   388 | D        | Learned a level 3 spell: Ozocubu's Armour
   395 | D        | Reached ** piety under Sif Muna
   401 | D        | Reached skill level 7 in Ice Magic
   466 | D        | Noticed a fire bat
   479 | D        | Reached *** piety under Sif Muna
   481 | D        | Reached skill level 8 in Ice Magic
   481 | D        | Reached XP level 4. HP: 25/30 MP: 2/10
   482 | D        | Reached **** piety under Sif Muna
   486 | D        | Reached skill level 9 in Ice Magic
   488 | D        | Reached skill level 5 in Spellcasting
   496 | D        | Reached ***** piety under Sif Muna
   497 | D        | Reached skill level 10 in Ice Magic
   497 | D        | Reached XP level 5. HP: 17/35 MP: 1/12
   502 | D        | Received a gift from Sif Muna
   611 | D        | Killed a fire bat
   612 | D        | Reached skill level 12 in Ice Magic
   612 | D        | Reached XP level 6. HP: 36/41 MP: 10/16
   703 | D        | Noticed a flayed ghost
   726 | D        | HP: 2/41 [flayed ghost (8)]
   730 | D        | Mangled by a flayed ghost

Illustrated notes

Levels and vault maps discovered:
D:        pitsprint [storerooms_1, entrance_room_1, metal_vault_3, armoury_2,
          mini_pit_1, grid_room_1, main_hall_1, silver_pit, the_coven_3,
          the_vestibule_1, steel_vault_3, golden_pit, hallway_of_sentries,
          crystal_vault_1, iron_vault_5, final_vault]

Skill      XL: |  1  2  3  4  5 |
---------------+----------------+-----
Ice Magic      | 5 6 8 10 12 | 12.9
Spellcasting   | 3 4 5 7 |  7.7
Dodging        | |  2.6
Stealth        | |  2.1

Action                   |  1- 3 |  4- 6 || total
-------------------------+-------+-------++-------
Melee: Trident           |    20 |    47 ||    67
 Cast: Freeze            |    12 |     4 ||    16
       Frozen Ramparts   |     1 |     3 ||     4
       Ozocubu's Armour  |       |     2 ||     2
  Use: Potion            |       |     5 ||     5
 Stab: Sleeping          |     1 |       ||     1
Armor: Robe              |     7 |       ||     7
       Leather armour    |       |     9 ||     9
Dodge: Dodged            |    32 |    29 ||    61

Table legend: (Time is in decaauts)
 A = Elapsed time spent in this place.
 B = Non-inter-level travel time spent in this place.
 C = Inter-level travel time spent in this place.
 D = Time resting spent in this place.
 E = Time spent auto-exploring this place.
 F = Levels seen in this place.
 G = Mean time per level.
                   A        B        C        D        E       F      G
               +--------+--------+--------+--------+--------+-----+--------+
         Total |    748 |    748 |      0 |    426 |      0 |   1 |  748.0 |
       Dungeon |    748 |    748 |      0 |    426 |      0 |   1 |  748.0 |
               +--------+--------+--------+--------+--------+-----+--------+

Top non-repeatable levels by time:
       D: 748 daAuts
